AoeStats
← MeowMe

Black Forest

504201915Analyzed
3v3 RM · 27d ago on Sep 4, 2026· 41m 4s· 6 players
Game mode
Random Map
Map size
Normal (6 player)
Population
200
Speed
Normal
Resources
Standard
Victory
Conquest
Starting age
Dark Age
Ending age
Imperial Age
RankedLock teamsTeams togetherTeam positionsShared explorationLock speedFull tech treeHidden civsTurbo modeCheats
Victory
Defeat
🇺🇦 Bohemians · Ukraine
1916
+3
1650
+8
🇸🇪 Koreans · Sweden
1542
+13
🇷🇺 Byzantines · Russia
1522
-9
🇧🇾 Magyars · Belarus
1519
-9
🇬🇪 Persians · Georgia
1427
-6
3∅∰©Ψ H̵͎̄ẽ̵̝ ̵
7:41 Loom
11:05 Feudal Age
15:17 Castle Age
13:37 Double-Bit Axe
16:48 Horse Collar
21:08 Wheelbarrow
22:01 Heavy Plow
25:01 Bow Saw
26:03 Hand Cart
25:53 Scale Mail Armor
26:03 Forging
28:52 Gold Mining
28:54 Stone Mining
29:21 Pikeman
30:01 Squires
33:30 Imperial Age
32:01 Chain Mail Armor
32:21 Iron Casting
34:32 Anarchy
35:48 Blast Furnace
34:10 Halberdier
36:21 Crop Rotation
36:52 Two-Man Saw
36:39 Perfusion
37:01 Conscription
37:01 Fletching
37:24 Masonry
39:05 Chemistry
38:36 Architecture
38:54 Ballistics
38:29 Capped Ram
39:03 Elite Huskarl
Snitzelyd
0:29 Loom
11:42 Feudal Age
20:15 Castle Age
18:55 Double-Bit Axe
18:51 Horse Collar
21:20 Bow Saw
21:12 Heavy Plow
23:05 Wheelbarrow
33:11 Gold Mining
35:27 Hand Cart
39:38 Imperial Age
37:20 Fletching
37:31 Scale Mail Armor
37:37 Squires
37:06 Pikeman
39:02 Bodkin Arrow
39:24 Chain Mail Armor
39:45 Caravan
41:26 Chemistry
40:51 Conscription
39:53 Halberdier
40:35 Bracer
40:45 Forging
41:00 Ballistics
SalzZ_classicpro
1:11 Loom
12:23 Feudal Age
13:39 Town Watch
16:14 Castle Age
14:36 Double-Bit Axe
14:54 Horse Collar
17:32 Bow Saw
20:30 Fervor
22:46 Wheelbarrow
23:55 Hand Cart
25:11 Fortified Wall
29:32 Imperial Age
28:05 Ballistics
28:30 Heavy Plow
29:52 Chemistry
28:45 Fletching
28:55 Padded Archer Armor
29:40 Bodkin Arrow
29:11 Elite Skirmisher
30:43 Leather Archer Armor
30:47 Bracer
31:21 Conscription
31:34 Illumination
31:11 Devotion
32:15 Heresy
33:57 Houfnice
35:28 Siege Engineers
36:03 Wagenburg Tactics
37:05 Caravan
37:05 Caravan
37:54 Ring Archer Armor
38:40 Town Patrol
39:41 Two-Man Saw
39:12 Masonry
39:54 Guilds
41:42 Bombard Tower
41:53 Architecture
41:03 Treadmill Crane
SiraZaika
0:27 Loom
3:22 Loom
12:00 Feudal Age
16:31 Castle Age
15:02 Double-Bit Axe
15:41 Horse Collar
24:07 Imperial Age
22:28 Fletching
24:09 Bodkin Arrow
25:10 Sanctity
24:52 Gold Mining
26:01 Block Printing
28:32 Fervor
28:33 Redemption
29:08 Wheelbarrow
31:02 Scale Barding Armor
31:39 Hand Cart
35:40 Chemistry
34:36 Bodkin Arrow
35:03 Chain Barding Armor
34:54 Forging
35:34 Padded Archer Armor
37:03 Bracer
37:25 Ballistics
37:07 Elite Skirmisher
39:36 Leather Archer Armor
41:14 Ring Archer Armor
OLADUSHEK
0:39 Loom
10:25 Feudal Age
11:46 Double-Bit Axe
12:53 Horse Collar
20:58 Castle Age
19:25 Stone Mining
19:59 Gold Mining
20:57 Bloodlines
21:49 Bow Saw
23:19 Husbandry
24:11 Wheelbarrow
26:27 Scale Barding Armor
27:33 Chain Barding Armor
29:24 Heavy Plow
37:54 Imperial Age
36:17 Fletching
36:28 Padded Archer Armor
36:34 Corvinian Army
37:27 Hand Cart
37:56 Gold Shaft Mining
37:18 Bodkin Arrow
38:33 Thumb Ring
38:54 Bracer
39:43 Parthian Tactics
40:24 Chemistry
40:06 Leather Archer Armor
39:53 Heavy Cavalry Archer
MeowMe
0:48 Loom
13:20 Feudal Age
17:13 Castle Age
15:15 Double-Bit Axe
15:31 Horse Collar
20:01 Bow Saw
22:25 Town Watch
23:18 Wheelbarrow
23:44 Gold Mining
23:47 Stone Mining
26:06 Hand Cart
25:36 Town Watch
28:39 Heavy Plow
29:29 Gold Shaft Mining
29:30 Stone Shaft Mining
33:07 Imperial Age
30:38 Town Patrol
32:59 Scale Barding Armor
33:05 Forging
32:45 Fletching
33:08 Bloodlines
32:59 Husbandry
33:34 Ballistics
33:27 Masonry
33:57 Citadels
35:13 Chemistry
35:28 Chain Barding Armor
35:54 Iron Casting
35:53 Devotion
36:33 Coinage
36:01 Bodkin Arrow
38:20 Conscription
39:12 Faith
39:59 Elite War Elephant
Connection lost

Rejoining the realm…

Still unreachable

The connection could not be restored.

Session expired

The server has moved on; the page needs a fresh start.